Zazza, neutral female human Tourist ---------- ------ |........| |....| #.........| #.....| #|.........## ###|.<..| #---------- # #########+....| ----------- #### ### ----------- ### |....+#####+.........-# # # |.........| # ------ # |.........|# # ##...........###### # ####..........|# # |.........| # -----------# ------# |..........################## ### |..>.|# |.........| # |....|# |.........| ### |....-# ----------- m ------ #@#---- # ---- #-.@| |..| |..| |..| |..| ---- ---- Zazza the Rambler Experience level: 1 Strength: 12 Dexterity: 8 Constitution: 16 Intelligence: 14 Wisdom: 9 Charisma: 18 Health: 0(10) Energy: 2(2) Def: 4 Gold: 0 Moves: 1490 Dungeon seed: L3QdPfM4Zjvkwf4Q Game ID: Zazza_1619165057 Your Inventory: Weapons a - 28 +2 darts (in quiver) o - 11 +0 orcish arrows Armor e - a blessed +0 Hawaiian shirt y - an uncursed +1 studded leather armor (being worn) Comestibles c - 2 uncursed slime molds d - 3 uncursed tripe rations f - 4 uncursed food rations u - an uncursed apple Scrolls h - an uncursed scroll of magic mapping p - an uncursed scroll of teleportation B - an uncursed scroll of identify C - an uncursed scroll of enchant weapon Spellbooks x - an uncursed spellbook of detect monsters Potions g - 2 uncursed potions of extra healing r - a cursed potion of levitation s - an uncursed potion of blindness v - a cursed potion of hallucination Tools i - an expensive camera (0:69) j - an uncursed credit card t - an uncursed towel Gems n - an uncursed aquamarine stone q - an uncursed jasper stone Spells and supernatural/magical abilities: Name Level Category Fail Memory n - detect monsters 1 divination 13% 100% W - pray for help -- divine ? -- Your skills at the end: Fighting Skills Weapon Skills dart [Basic] Spellcasting Skills Final Attributes: You were nominally aligned. You are dead. Vanquished creatures: a coyote 2 giant rats 6 jackals a fox 4 sewer rats 4 lichens 6 newts 24 creatures vanquished. Voluntary challenges: You were an atheist. You never hit with a wielded weapon. You read items or engraved 12 times, starting on turn 112. You never genocided any monsters. You never polymorphed an object. You never changed form. You used no wishes. You never split a pudding. You wrote Elbereth's name 5 times, starting on turn 1422. You never violated your personal moral code. Dungeon overview: The Dungeons of Doom: levels 1 to 4 Level 1 a long staircase Level 2 a fountain stairs to The Gnomish Mines Level 3 Level 4 <- You were here a scroll shop The Gnomish Mines: Level 3 stairs to The Dungeons of Doom History has recorded: On T:1 you entered the Dungeons of Doom to retrieve the Amulet of Yendor! On T:392 you reached level 2 of The Dungeons of Doom. On T:664 you reached level 1 of The Gnomish Mines. On T:726 you reached level 3 of The Dungeons of Doom. On T:1200 you reached level 4 of The Dungeons of Doom. Score breakdown: Gold: 0 ( 0 points) Experience: 1 level ( 0 points) Exploration: 4 levels ( 7.84%) ( 7348 points) Discoveries: 2 items ( 0.67%) ( 2457 points) Valuables value: (no points given unless you survive) Artifact value: 0 ( 0 points) Variety of kills: 7 monsters ( 1.84%) ( 4066 points) Turncount: 1490 turns ( 0 points) Survival: died (score multiplied by 80%) Total score: 11096 Latest messages: Never mind. You write in the dust with your fingers. Something is written here in the dust. You read: "Elbereth". You see no objects here. You drop 317 gold pieces. Your debt is paid off. 299 zorkmids are added to your credit. The price is deducted from your credit. You bought a scroll labeled DUAM XNAHT for 54 gold pieces. "Thank you for shopping in Sneem's second-hand bookstore!" The small mimic mimics a chicken for a moment! Please move the cursor to an unknown object. Never mind. "Aloha, Zazza! Welcome again to Sneem's second-hand bookstore!" The small mimic hits! You die... Final status: Aloha Zazza the Tourist, killed by a small mimic... You died in The Dungeons of Doom on dungeon level 4 with 11096 points, and 0 pieces of gold, after 1490 moves. You were level 1 with a maximum of 10 hit points when you died.